 Dungeon Crawl Stone Soup version 0.31.0-12-g77e489cdc1 (webtiles) character file.

Game seed: 8503132468693411787

50 Gadfly the Trooper (level 3, 0/23 HPs)
             Began as a Gargoyle Fighter on Mar 4, 2024.
             Killed from afar by a smoke demon (23 damage)
             ... with a ball of steam
             ... on level 1 of the Abyss.
             The game lasted 00:02:14 (1229 turns).

Gadfly the Trooper (Gargoyle Fighter)               Turns: 1229, Time: 00:02:14

Health: 0/23       AC: 10    Str: 19    XL:     3   Next: 79%
Magic:  3/3        EV:  9    Int:  8    God:
Gold:   53         SH:  4    Dex: 11    Spells: 2/2 levels left

rFire   . . .        a - +0 flail
rCold   . . .        c - +0 buckler
rNeg    + . .        b - +0 scale mail
rPois   ∞            (no helmet)
rElec   +            (no cloak)
rCorr   +            (no gloves)
SInv    +            (no boots)
Will    .....        (no amulet) Stlth
                     f - ring of see invisible
HPRegen 0.23/turn    k - ring of resist corrosion
MPRegen 0.08/turn

%: no passive effects
@: no status effects
A: sickness immunity, AC +3, negative energy resistance 1, electricity
resistance, torment resistance 1, petrification resistance
a: no special abilities


You were on level 1 of the Abyss.
You visited 1 branch of the dungeon, and saw 2 of its levels.
You visited the Abyss 1 time.

You collected 53 gold pieces.

Inventory:

Hand Weapons
 a - a +0 flail (weapon)
Armour
 b - a +0 scale mail (worn)
 c - a +0 buckler (worn)
Jewellery
 f - a ring of see invisible (left hand)
 k - a ring of resist corrosion (right hand)
Potions
 d - a potion of might
 e - a potion of heal wounds {unknown}
 g - a potion of magic {unknown}
 h - a potion of brilliance {unknown}
 j - a potion of degeneration {unknown}


   Skills:
 + Level 3.6 Fighting
 * Level 2.5 Maces & Flails
 + Level 3.4 Armour
 + Level 3.5 Shields
 * Level 1.3 Invocations
 * Level 1.2 Evocations


You had 2 spell levels left.
You didn't know any spells.
Your spell library was empty.

Dungeon Overview and Level Annotations

Branches:
Dungeon (2/15)

Altars:


Innate Abilities, Weirdness & Mutations

You are immune to sickness and miasma.
Your stone body is resilient. (AC +3)
You are immune to poison.
You resist negative energy. (rN+)
You are resistant to electric shocks. (rElec)
You are resistant to unholy torment.
You are immune to petrification.


Message History

You barely miss the giant cockroach.
The giant cockroach is heavily wounded.
The giant cockroach closely misses you.
The giant cockroach bites you but does no damage.
You hit the giant cockroach.
You kill the giant cockroach!
No target in view!
No target in view!
No target in view!
No target in view!
No target in view!
No target in view!
Found a granite talisman.
k - a ring of resist corrosion Done exploring.
Done exploring.
As you read the scroll labelled PUBULE XEIFRA, it crumbles to dust.
You hear a loud clanging noise!
It was a scroll of noise.
k - a ring of resist corrosion (right hand) Done exploring.
Done exploring.
Done exploring.
Done exploring.
The kobold shouts!
The kobold throws a stone.
The stone barely misses you.
The kobold throws a stone.
The stone barely misses you. The kobold hits you but does no damage.
You are cast into the Abyss!
This branch contains the abyssal rune of Zot.
You start waiting.
A smoke demon bursts from nowhere.
The smoke demon roars!
You hit the smoke demon but do no damage.
You sock the smoke demon!
The smoke demon is moderately wounded.
The smoke demon gestures at you. The ball of steam hits you!!
Ouch! That really hurt!
You die...

... #.. #.#
#.# #.# #.#
#.#######..
#..@3§ .....
########.#..


You could see a smoke demon.

Vanquished Creatures
  2 adders (D:2)
  3 dart slugs
  2 ball pythons (D:1)
  5 bats
  2 endoplasms (D:2)
  3 giant cockroaches
  4 kobolds
  A quokka (D:2)
  5 rats
27 creatures vanquished.

Notes
Turn   | Place    | Note
-------+----------+-------------------------------------------
     0 | D:1      | Gadfly the Gargoyle Fighter began the quest for the Orb.
     0 | D:1      | Reached XP level 1. HP: 14/14 MP: 1/1
   222 | D:1      | Reached XP level 2. HP: 19/19 MP: 2/2
   938 | D:2      | Reached skill level 1 in Invocations
   938 | D:2      | Reached XP level 3. HP: 23/23 MP: 3/3
   960 | D:2      | Reached skill level 1 in Evocations
  1217 | Abyss:1  | Cast into level 1 of the Abyss (kobold)
  1228 | Abyss:1  | Noticed a smoke demon
  1229 | Abyss:1  | Killed from afar by a smoke demon

Illustrated notes

Levels and vault maps discovered:
D:1:      lightli_arrival_statuegarden, layout_loops_ring
D:2:      layout_loops_ring
Abyss:1:  base:
Temple

Skill      XL: |  1  2  3 |
---------------+----------+-----
Invocations    | 1 |  1.3
Evocations     | 1 |  1.2
Fighting       | |  3.6
Maces & Flails | |  2.5
Armour         | |  3.4
Shields        | |  3.5

Action                     || total
---------------------------++-------
  Melee: Flail             ||    91
    Use: Scroll            ||     6
 Armour: Scale mail        ||    74
  Dodge: Dodged            ||    60
  Block: Buckler           ||    27
